 Dungeon Crawl Stone Soup version 0.30-a0-782-ge64f9170bb (webtiles) character file.

Game seed: 4015561609873598822

249 112233 the Magician (level 6, -3/41 HPs)
             Began as a Human Necromancer on Mar 1, 2023.
             Was a Priest of Qazlal.
             Slain by a gnoll
             ... wielding a +0 whip
             ... led by a gnoll bouda
              (7 damage)
             ... on level 5 of the Dungeon.
             The game lasted 00:04:28 (3903 turns).

112233 the Magician (Human Necromancer)             Turns: 3903, Time: 00:04:28

Health: -3/41      AC:  3    Str:  7 (8)  XL:     6   Next: 34%
Magic:  2/14       EV: 12    Int: 16 (18) God:    Qazlal [***...]
Gold:   224        SH:  3    Dex: 10 (13) Spells: 12/16 levels left

rFire   x . .      SeeInvis .    o - +3 dagger
rCold   + . .      Faith    .    (no shield)
rNeg    . . .      Spirit   .    a - +0 robe
rPois   .          Reflect  .    (no helmet)
rElec   .          Harm     .    (no cloak)
rCorr   .          Rampage  .    (no gloves)
Will    .....                    h - +0 pair of boots
Stlth   +                        (no amulet)
HPRegen 0.26/turn                (no ring)
MPRegen 0.14/turn                (no ring)

@: weakened, on berserk cooldown, flying, slowed, very slow
A: cold resistance 1, heat vulnerability 1
a: Renounce Religion, Upheaval, Elemental Force


You were on level 5 of the Dungeon.
You worshipped Qazlal.
Qazlal was most pleased with you.
You visited 1 branch of the dungeon, and saw 5 of its levels.

You collected 224 gold pieces.

Inventory:

Hand Weapons
 f - a +0 short sword
 o - a +3 dagger (weapon)
Armour
 a - a +0 robe (worn)
 c - a +2 robe of resistance
 h - a +0 pair of boots (worn)
 n - a +2 cloak
Jewellery
 s - an amulet of the acrobat
 u - a ring of protection from fire
Wands
 r - a wand of digging (3)
Scrolls
 d - 2 scrolls of teleportation {unknown}
 e - 2 scrolls of poison {unknown}
 g - 3 scrolls of fear {unknown}
 k - 3 scrolls of identify {unknown}
 m - a scroll of fog {unknown}
 p - a scroll of amnesia {unknown}
 q - 2 scrolls of blinking {unknown}
Potions
 b - a potion of magic
 j - 2 potions of degeneration
 t - a potion of cancellation {unknown}


   Skills:
 - Level 2.0 Dodging
 - Level 2.0 Stealth
 + Level 5.7 Spellcasting
 - Level 4.0 Necromancy


You had 12 spell levels left.
You knew the following spells:

 Your Spells              Type           Power      Damage    Failure   Level
a - Necrotise             Necr           68%        1d7       2%          1
b - Vampiric Draining     Necr           17%        2d7       9%          3

Your spell library contained the following spells:

 Spells                   Type           Power      Damage    Failure   Level
 Animate Dead             Necr           17%        N/A       26%         4
 Agony                    Necr           17%        N/A       58%         5
 Borgnjor's Vile Clutch   Necr/Erth      5%         N/A       86%         5
 Alistair's Intoxication  Tmut/Pois      2%         N/A       98%         5
 Eringya's Noxious Bog    Tmut/Pois      2%         N/A       100%        6


Dungeon Overview and Level Annotations

Branches:
Dungeon (5/15)             Temple (0/1) D:5

Altars:
Nemelex Xobeh
Qazlal
The Shining One

Shops:
D:1 !

Annotations:
D:3 1 runed translucent door, exclusion: downstairs, Touch's ghost, weakling DsEE
D:4 Grinder


Innate Abilities, Weirdness & Mutations

Your flesh is cold resistant. (rC+)
You are vulnerable to heat. (rF-)


Message History

The dead are walking!
The gnoll throws a stone.
The stone hits you.
Casting: Necrotise (safe; 2% risk of failure)
Confirm with . or Enter, or press ? or * to list all spells.
Aiming: Necrotise (safe; 2% risk of failure)
Press: ? - help, Shift-Dir - straight line, f - gnoll
Aim: a gnoll, wielding a +0 spear and quivering stones (covering ground quickly, ally target, chance to affect: 84%)
The gnoll writhes in agony!
The gnoll hits you from afar with a +0 spear.
* * * LOW HITPOINT WARNING * * *
Unknown command.
You swap places.
Your gnoll skeleton closely misses the gnoll.
The gnoll hits you but does no damage.
It was a potion of berserk rage.
A red film seems to cover your vision as you go berserk!
You feel yourself moving faster!
You feel mighty!
Your gnoll skeleton hits the gnoll.
The gnoll throws a stone.
The stone completely misses your gnoll skeleton.
The stone misses you.
You feel a strong urge to attack something.
You feel your anger nearly subside.
You are no longer berserk.
You are exhausted.
You feel yourself slow down.
The gnoll throws a stone.
You block the stone.
The gnoll throws a stone.
The stone hits you.
* * * LOW HITPOINT WARNING * * *
It was a potion of degeneration.
There was something very wrong with that liquid.
You feel weakened.
You feel dopey.
You feel clumsy. Why would you want to do that?
It was a potion of flight.
You feel very buoyant.
You fly up into the air.
You block the gnoll's attack.
The gnoll bouda gazes fiercely through you!
You feel your attacks grow feeble.
The gnoll hits you from afar with a +0 spear.
* * * LOW HITPOINT WARNING * * *
The gnoll hits you with a +0 whip!
You die...

######.######
###.# #.# ##.. #.#
##... ##.# ##....
##..# #.....
###..## #.....
#...## #.....
#.### ###....
#@##########......
#g##...ggg)..#####
#g##Z#########
#g##.# . #....# #
#..### #..# #.##
###


You could see a gnoll bouda and 2 gnolls.

Vanquished Creatures
  Blork the orc (D:4)
  Natasha (D:2)
  4 gnolls
  3 adders
  2 worms (D:2)
  A dart slug (D:4)
  4 orcs (D:3)
  9 endoplasms
  A giant cockroach (D:1)
  8 goblins
  8 hobgoblins
  A quokka (D:2)
  6 ball pythons
  10 bats
  2 frilled lizards
  5 kobolds (D:2)
  2 rats
  A spectral goblin (D:1)
69 creatures vanquished.

Vanquished Creatures (collateral kills)
  A gnoll (D:4)
  A dart slug (D:2)
  2 ball pythons
  A bat (D:3)
5 creatures vanquished.

Grand Total: 74 creatures vanquished

Notes
Turn   | Place    | Note
-------+----------+-------------------------------------------
     0 | D:1      | 112233 the Human Necromancer began the quest for the Orb.
     0 | D:1      | Reached XP level 1. HP: 13/13 MP: 3/3
    43 | D:1      | Found a faded altar of an unknown god.
    82 | D:1      | Prayed at the altar of an unknown god.
    82 | D:1      | Became a worshipper of Qazlal Stormbringer
    82 | D:1      | Reached * piety under Qazlal
   194 | D:1      | Reached XP level 2. HP: 19/19 MP: 1/5
   393 | D:1      | Found Quep's Distillery.
   493 | D:1      | Reached skill level 3 in Spellcasting
   726 | D:1      | Reached XP level 3. HP: 24/24 MP: 4/7
  1325 | D:2      | Reached ** piety under Qazlal
  1389 | D:2      | Reached XP level 4. HP: 21/30 MP: 0/9
  1554 | D:2      | Noticed Natasha
  1564 | D:2      | Killed Natasha
  1565 | D:2      | Reached skill level 4 in Spellcasting
  2029 | D:2      | Reached XP level 5. HP: 35/35 MP: 6/11
  2901 | D:3      | Found a runed translucent door.
  3013 | D:3      | Noticed Touch's ghost (weakling DsEE)
  3144 | D:4      | Found a glowing golden altar of the Shining One.
  3160 | D:4      | Reached *** piety under Qazlal
  3265 | D:4      | Found a sparkling altar of Nemelex Xobeh.
  3298 | D:4      | Noticed Blork the orc
  3299 | D:4      | Gained mutation: Potions are less effective at restoring
                  | your health. [potion of mutation]
  3299 | D:4      | Gained mutation: You are frail. (-10% HP) [potion of
                  | mutation]
  3299 | D:4      | Gained mutation: You have hidden genetic potential. [potion
                  | of mutation]
  3299 | D:4      | Gained mutation: Your flesh is heat resistant. (rF+)
                  | [potion of mutation]
  3300 | D:4      | Lost mutation: You are frail. (-10% HP) [potion of
                  | mutation]
  3300 | D:4      | Lost mutation: Your flesh is heat resistant. (rF+) [potion
                  | of mutation]
  3300 | D:4      | Lost mutation: Potions are less effective at restoring your
                  | health. [potion of mutation]
  3300 | D:4      | Lost mutation: You have hidden genetic potential. [potion
                  | of mutation]
  3300 | D:4      | Gained mutation: You are vulnerable to heat. (rF-) [potion
                  | of mutation]
  3300 | D:4      | Gained mutation: Your flesh is cold resistant. (rC+)
                  | [potion of mutation]
  3301 | D:4      | Noticed Grinder
  3434 | D:4      | Killed Blork the orc
  3435 | D:4      | Reached skill level 5 in Spellcasting
  3435 | D:4      | Reached XP level 6. HP: 21/41 MP: 5/13
  3455 | D:4      | Learned a level 3 spell: Vampiric Draining
  3743 | D:5      | Entered Level 5 of the Dungeon
  3802 | D:5      | Found a staircase to the Ecumenical Temple.
  3903 | D:5      | Slain by a gnoll

Illustrated notes

Levels and vault maps discovered:
D:1:      dreamdust_arrival_sigmund_warning, layout_loops_ring, serial_shops,
          shop, dreamdust_ecumenical_altar_drowned_temple
D:2:      layout_basic, minmay_fractal_squares_5, uniq_natasha
D:3:      layout_basic, ebering_ghost_sewer_d, chequers_serial_rivers_micro_b
D:4:      layout_layer_cave, lemuel_tele_altar, tso_metal_star,
          nicolae_shop_i_like_big_books, nicolae_figureground_pulse,
          uniq_duvessa, uniq_grinder, uniq_blork_the_orc
D:5:      layout_rooms, zin_angel, temple_statues

Skill      XL: |  1  2  3  4  5 |
---------------+----------------+-----
Spellcasting   | 3 4 5 |  5.7
Dodging        | |  2.0
Stealth        | |  2.0
Necromancy     | |  4.0

Action                     |  1- 3 |  4- 6 || total
---------------------------+-------+-------++-------
  Melee: Short sword       |    34 |     4 ||    38
         Unarmed           |     5 |       ||     5
         Dagger            |       |     6 ||     6
         Punch             |       |     1 ||     1
   Cast: Necrotise         |    52 |   103 ||   155
    Use: Potion            |       |     5 ||     5
 Armour: Robe              |    17 |     9 ||    26
  Dodge: Dodged            |    42 |    31 ||    73
  Block: Other             |     3 |     6 ||     9

Table legend: (Time is in decaauts)
 A = Elapsed time spent in this place.
 B = Non-inter-level travel time spent in this place.
 C = Inter-level travel time spent in this place.
 D = Time resting spent in this place.
 E = Time spent auto-exploring this place.
 F = Levels seen in this place.
 G = Mean time per level.
                   A        B        C        D        E       F      G
               +--------+--------+--------+--------+--------+-----+--------+
         Total |   3914 |   3707 |    207 |    164 |   2967 |   5 |  782.8 |
       Dungeon |   3914 |   3707 |    207 |    164 |   2967 |   5 |  782.8 |
               +--------+--------+--------+--------+--------+-----+--------+

Top non-repeatable levels by time:
     D:2: 1310 daAuts
     D:1: 1076 daAuts
     D:3: 950 daAuts
     D:4: 416 daAuts
     D:5: 161 daAuts
